 Dungeon Crawl Stone Soup version 0.19.0-2-gae57169 (webtiles) character file.

368 lorenzova the Conjurer (level 6, -5/32 HPs)
             Began as a Deep Elf Conjurer on Nov 6, 2016.
             Killed by divine providence
             ... invoked by an orc priest
              (10 damage)
             ... on level 4 of the Dungeon.
             The game lasted 00:06:29 (4258 turns).

lorenzova the Conjurer (Deep Elf Conjurer)          Turns: 4258, Time: 00:06:29

Health: -5/32      AC:  3    Str:  5    XL:     6   Next: 41%
Magic:  0/17       EV: 13    Int: 22    God:
Gold:   215        SH:  0    Dex: 15    Spells: 3 memorised, 8 levels left

rFire  . . .     SeeInvis .     w - +0 long sword
rCold  . . .     Gourm    .     a - +0 robe
rNeg   . . .     Faith    .     (no shield)
rPois  .         Spirit   .     q - +0 helmet
rElec  .         Reflect  .     (no cloak)
rCorr  .         Harm     .     (no gloves)
MR     .....                    (no boots)
Stlth  ++........               (no amulet)
                                (no ring)
                                (no ring)

@: no status effects
A: no striking features
a: no special abilities


You were on level 4 of the Dungeon.
You were very hungry.

You visited 1 branch of the dungeon, and saw 5 of its levels.

You collected 215 gold pieces.

Inventory:

Hand Weapons
 w - a +0 long sword (weapon)
Armour
 a - a +0 robe (worn)
 q - a +0 helmet (worn)
Wands
 m - a wand of digging (9/24)
Scrolls
 d - a scroll of remove curse {unknown}
 e - a scroll of enchant armour {unknown}
 f - 4 scrolls of identify {unknown}
 i - 3 scrolls of amnesia {unknown}
 k - a scroll of magic mapping {unknown}
 n - a scroll of blinking {unknown}
 t - a scroll of noise {unknown}
 u - a scroll of enchant weapon {unknown}
Potions
 g - a potion of haste {unknown}
 h - 5 potions of mutation {unknown}
 j - a potion of lignification {unknown}
 l - a potion of flight {unknown}
 p - 2 potions of invisibility {unknown}
 r - a potion of cancellation {unknown}
 s - 2 potions of brilliance {unknown}
 z - 2 potions of curing {unknown}
Books
 b - a book of Conjurations

   Spells                             Type                      Level
   a - Magic Dart                     Conjuration                  1
   b - Searing Ray                    Conjuration                  2
   c - Dazzling Spray                 Conjuration/Hexes            3
   d - Fulminant Prism                Conjuration/Hexes            4
   e - Iskenderun's Mystic Blast      Conjuration                  4
   f - Iskenderun's Battlesphere      Conjuration/Charms           5
 y - a book of Changes

   Spells                             Type                      Level
   a - Beastly Appendage              Transmutation                1
   b - Sticks to Snakes               Transmutation                2
   c - Spider Form                    Transmutation/Poison         3
   d - Ice Form                       Ice/Transmutation            4
   e - Blade Hands                    Transmutation                5
Comestibles
 c - 4 bread rations
 o - 9 fruits
 v - a meat ration


   Skills:
 - Level 2.4 Dodging
 - Level 2.4 Stealth
 * Level 6.5 Spellcasting
 * Level 6.9 Conjurations
 + Level 1.1 Charms


You had 8 spell levels left.
You knew the following spells:

 Your Spells              Type           Power        Failure   Level  Hunger
a - Magic Dart            Conj           ####         1%          1    None
b - Iskenderun's Battles  Conj/Chrm      ###.....     50%         5    #####..
c - Iskenderun's Mystic   Conj           #####...     6%          4    ###....


Dungeon Overview and Level Annotations

Branches:
Dungeon (5/15)
 Temple: D:4-7

Altars:
Fedhas
Hepliaklqana
Makhleb
Okawaru
Qazlal
Trog
Xom
Zin


Message History

Aim: an orc priest, wielding a short sword (heavily wounded)
The magic dart hits the orc priest.
The orc priest is severely wounded.
The orc priest mumbles some strange prayers to Beogh against you.
Pain shoots through your body!
You completely miss the orc priest.
The orc priest is severely wounded.
The orc priest closely misses you.
The orc priest calls down the wrath of Beogh upon you.
Pain shoots through your body!
You hit the orc priest.
The orc priest is almost dead.
The orc priest hits you with a short sword.
You hit the orc priest but do no damage.
The orc priest is almost dead.
The orc priest hits you with a short sword!
* * * LOW HITPOINT WARNING * * *
The orc priest mumbles some strange prayers to Beogh against you.
Beogh smites you!
You die...

### ###### #.###
.....# ##..## ####.#
##..## ..##.# ##..##
.....# ##.@## ####
.##..# #..o.##
####... ..#..#
#.....## ##......
.....# #......##
###....... _....#
##......###.........
.....#
##..............(..
..#..#
#....#............
.##.##
##...#............
....#
##..##...#.......


You could see an orc priest.

Vanquished Creatures
  2 orc priests (D:3)
  2 hounds
  A bullfrog skeleton (D:4)
  An orc wizard (D:3)
  An iguana (D:4)
  A worker ant (D:4)
  3 adders
  An adder skeleton (D:4)
  2 worms (D:2)
  2 leopard geckos (D:3)
  20 orcs
  12 giant cockroaches
  9 goblins
  2 hobgoblins (D:1)
  2 jackals (D:4)
  3 quokkas
  2 ball pythons (D:3)
  3 bats
  4 frilled lizards
  5 kobolds
  A quokka skeleton (D:5)
  7 rats
86 creatures vanquished.

Vanquished Creatures (others)
  A kobold (D:2)
  A plant (D:3)
2 creatures vanquished.

Grand Total: 88 creatures vanquished

Notes
Turn   | Place    | Note
-------+----------+-------------------------------------------
     0 | D:1      | lorenzova the Deep Elf Conjurer began the quest for the Orb.
     0 | D:1      | Reached XP level 1. HP: 10/10 MP: 6/6
   437 | D:1      | Reached XP level 2. HP: 15/15 MP: 5/8
  1036 | D:2      | Reached XP level 3. HP: 19/19 MP: 4/10
  1142 | D:2      | Reached skill level 5 in Conjurations
  1878 | D:2      | Found a stormy altar of Qazlal.
  2077 | D:3      | Reached XP level 4. HP: 24/24 MP: 4/12
  2154 | D:3      | Learned a level 4 spell: Iskenderun's Mystic Blast
  2250 | D:3      | Reached skill level 5 in Spellcasting
  2417 | D:3      | Reached XP level 5. HP: 28/28 MP: 7/14
  2670 | D:3      | Found a blossoming altar of Fedhas.
  2673 | D:3      | Found a bloodstained altar of Trog.
  2676 | D:3      | Found a hazy altar of Hepliaklqana.
  3177 | D:4      | Found a burning altar of Makhleb.
  3179 | D:4      | Found a glowing silver altar of Zin.
  3179 | D:4      | Noticed an angel
  3179 | D:4      | Noticed a blizzard demon
  3192 | D:4      | Found a shimmering altar of Xom.
  3426 | D:4      | Reached XP level 6. HP: 21/32 MP: 7/17
  3591 | D:4      | Learned a level 5 spell: Iskenderun's Battlesphere
  3753 | D:4      | Found an iron altar of Okawaru.
  4142 | D:5      | Entered Level 5 of the Dungeon
  4243 | D:5      | Reached skill level 1 in Charms
  4258 | D:4      | Killed from afar by an orc priest

Skill      XL: |  1  2  3  4  5  6 |
---------------+-------------------+-----
Spellcasting   | 4 5 6 |  6.5
Conjurations   | 5 6 |  6.9
Charms         | 1 |  1.1
Dodging        | |  2.4
Stealth        | |  2.4

Action                   |  1- 3 |  4- 6 || total
-------------------------+-------+-------++-------
Melee: Unarmed           |    10 |    85 ||    95
       Long sword        |       |     4 ||     4
 Cast: Magic Dart        |    91 |    99 ||   190
       Iskenderun's Myst |       |     7 ||     7
  Eat: Chunk             |     3 |     7 ||    10
Armor: Robe              |     5 |     3 ||     8
Dodge: Dodged            |    26 |    23 ||    49
       Rpst.: Long sword |       |    10 ||    10
